 Dungeon Crawl Stone Soup version 0.26.0-10-g1f06aea511 (webtiles) character file.

Game seed: 17480966230461621532

5589 hatsuma the Fighter (level 10, -18/85 HPs)
             Began as a Gnoll Wanderer on Jan 13, 2021.
             Was a Believer of Sif Muna.
             Killed from afar by Erolcha (22 damage)
             ... with a bolt of cold
             ... on level 9 of the Dungeon.
             The game lasted 00:53:31 (10254 turns).

hatsuma the Fighter (Gnoll Wanderer)               Turns: 10254, Time: 00:53:32

Health: -18/85     AC: 15    Str: 17    XL:     10   Next: 72%
Magic:  0/18       EV: 15    Int: 15    God:    Sif Muna [**....]
Gold:   695        SH:  0    Dex: 21    Spells: 16/20 levels left

rFire    . . .     SeeInvis .   a - +0 scimitar (flame)
rCold    . . .     Faith    .   (no shield)
rNeg     . . .     Spirit   +   x - +3 scale mail
rPois    +         Reflect  .   B - +1 helmet
rElec    .         Harm     .   (no cloak)
rCorr    .         Rampage  .   (no gloves)
Will     .....                  z - +1 pair of boots
Stlth    ++........             I - amulet of guardian spirit
HPRegen  0.24/turn              m - ring of poison resistance
MPRegen  0.16/turn              q - +6 ring of dexterity

@: slowed, very slow
A: distributed training, fangs 1, strong nose
a: Renounce Religion, Channel Magic


You were on level 9 of the Dungeon.
You worshipped Sif Muna.
Sif Muna was pleased with you.
You visited 2 branches of the dungeon, and saw 10 of its levels.

You collected 695 gold pieces.

Inventory:

Hand Weapons
 a - a +0 scimitar of flaming (weapon)
 b - a +0 hand crossbow
 e - a +2 falchion of holy wrath
 M - a +2 hand axe of freezing
Missiles
 d - 36 poisoned darts
 h - 140 sling bullets
 i - 2 throwing nets (quivered)
 u - 57 bolts
 w - 13 boomerangs
 E - 5 silver javelins
Armour
 x - a +3 scale mail (worn)
 z - a +1 pair of boots (worn)
 B - a +1 helmet (worn)
Magical Staves
 v - an uncursed staff of air
Jewellery
 m - a ring of poison resistance (left hand)
 q - a +6 ring of dexterity (right hand)
 A - an uncursed ring of ice
 I - an amulet of guardian spirit (around neck)
 K - an uncursed ring of protection from cold
Scrolls
 f - 6 scrolls of teleportation
 g - 2 scrolls of immolation
 j - 4 scrolls of remove curse
 o - 3 scrolls of magic mapping
 p - 2 scrolls of amnesia
 r - a scroll of blinking {unknown}
 y - 4 scrolls of fear
 G - a scroll of noise {unknown}
 H - a scroll of fog {unknown}
 L - a scroll of identify
 N - a scroll of summoning {unknown}
Potions
 c - a potion of ambrosia {unknown}
 k - 3 potions of invisibility
 l - 6 potions of curing
 n - 2 potions of heal wounds
 s - 2 potions of mutation {unknown}
 t - a potion of lignification {unknown}
 C - 4 potions of haste
 D - a potion of might {unknown}
 F - a potion of magic {unknown}
 J - a potion of cancellation {unknown}


   Skills:
 + Level 10.1 Fighting
 + Level 5.5 Short Blades
 + Level 5.5 Long Blades
 + Level 5.5 Axes
 + Level 5.5 Maces & Flails
 + Level 7.3 Polearms
 + Level 5.5 Staves
 + Level 5.5 Slings
 + Level 5.5 Bows
 + Level 5.5 Crossbows
 + Level 6.2 Throwing
 + Level 5.5 Armour
 + Level 7.3 Dodging
 + Level 6.1 Stealth
 + Level 5.5 Shields
 + Level 5.5 Unarmed Combat
 + Level 5.5 Spellcasting
 + Level 4.5 Conjurations
 + Level 4.5 Hexes
 + Level 4.5 Summonings
 + Level 4.5 Necromancy
 + Level 4.5 Translocations
 + Level 4.5 Transmutations
 + Level 4.5 Fire Magic
 + Level 4.5 Ice Magic
 + Level 4.5 Air Magic
 + Level 4.5 Earth Magic
 + Level 4.5 Poison Magic
 + Level 6.1 Invocations
 + Level 5.5 Evocations


You had 16 spell levels left.
You knew the following spells:

 Your Spells              Type           Power        Failure   Level
a - Searing Ray           Conj           34%          11%         2
b - Slow                  Hex            17%          11%         2

Your spell library contained the following spells:

 Spells                   Type           Power        Failure   Level
 Corona                   Hex            18%          8%          1
 Magic Dart               Conj           68%          8%          1
 Dazzling Flash           Conj/Hex       34%          22%         3
 Inner Flame              Hex/Fire       17%          22%         3
 Portal Projectile        Hex/Tloc       34%          22%         3
 Cause Fear               Hex            8%           58%         4
 Fulminant Prism          Conj/Hex       8%           58%         4
 Iskenderun's Mystic Bla  Conj/Tloc      17%          58%         4
 Leda's Liquefaction      Hex/Erth       8%           58%         4


Dungeon Overview and Level Annotations

Branches:
Dungeon (9/15)             Temple (1/1) D:4            Lair (0/6) D:8
    Orc: D:9-12

Altars:
Ashenzari
Cheibriados
Dithmenos
Elyvilon
Fedhas
Gozag
Hepliaklqana
Kikubaaqudgha
Makhleb
Nemelex Xobeh
Okawaru
Qazlal
Ru
Sif Muna
Trog
Uskayaw
Vehumet
Wu Jian
Xom
Yredelemnul
Zin
The Shining One

Annotations:
D:6 2 transporters
D:8 2 transporters, Nolbo's ghost, novice OpTm
D:9 Erolcha


Innate Abilities, Weirdness & Mutations

Your experience applies equally to all skills.
You have very sharp teeth.
Your uncanny sense of smell can sniff out nearby items.


Message History

The bolt of cold hits you!
You bump into the rock wall.
Erolcha points at you and mumbles some strange words.
You feel yourself slow down.
Erolcha zaps a wand.
You easily resist.
You hit Erolcha but do no damage.
Erolcha is lightly wounded.
Erolcha hits you with a +0 giant spiked club!!
* * * LOW HITPOINT WARNING * * *
Erolcha hits you with a +0 giant spiked club!
* * * LOW HITPOINT WARNING * * *
You bump into the rock wall.
You feel less confused.
Erolcha zaps a wand.
You easily resist.
The now-empty wand crumbles to dust.
Erolcha points at you and mumbles some strange words.
The crystal spear misses you. Erolcha casts a spell at you.
The bolt of cold misses you.
Erolcha points at you and mumbles some strange words.
The bolt of cold hits you!!
You die...

# ###.### ########+##
.......########.........#
..........O.@.'.........#
.......########.........#
....... #.........# ∆
....... #.........#
....... #.........#
.###### #.........#
######...## ####...###
#.......#


You could see Erolcha (fast).

Vanquished Creatures
  Erica (D:8)
  A two-headed ogre (D:8)
  Joseph (D:8)
  A wyvern (D:8)
  Sigmund (D:3)
  2 basilisks
  3 water moccasins (D:8)
  2 ice beasts
  2 orc warriors (D:8)
  An eye of draining (D:5)
  3 black bears
  3 wolves (D:8)
  A centaur (D:5)
  An ogre (D:8)
  A big kobold (D:9)
  8 bullfrogs
  4 scorpions
  3 killer bees (D:8)
  A howler monkey (D:4)
  2 jellies
  4 orc priests
  2 hounds
  Jessica (D:3)
  An iguana (D:8)
  8 orc wizards
  4 worker ants
  A hound skeleton (D:4)
  A worker ant zombie (D:2)
  Robin (D:4)
  A howler monkey zombie (D:8)
  6 gnolls
  8 adders
  3 white imps
  3 ufetubi
  3 oozes
  4 worms
  4 dart slugs
  9 leopard geckos
  26 orcs
  2 ball pythons (D:1)
  4 giant cockroaches
  10 goblins
  15 hobgoblins
  7 jackals
  2 quokkas
  7 bats
  5 frilled lizards
  8 kobolds
  A leopard gecko zombie (D:7)
  A quokka skeleton (D:8)
  7 rats
201 creatures vanquished.

Vanquished Creatures (others)
  3 bushes (D:8)
  7 fungi (D:8)
  29 plants (D:8)
39 creatures vanquished.

Grand Total: 240 creatures vanquished

Notes
Turn   | Place    | Note
-------+----------+-------------------------------------------
     0 | D:1      | hatsuma the Gnoll Wanderer began the quest for the Orb.
     0 | D:1      | hatsuma set off with the following items: a +0 spear, 2
                  | throwing nets, a +0 leather armour, 13 poisoned darts, a +0
                  | dagger
     0 | D:1      | Reached XP level 1. HP: 26/26 MP: 1/1
   119 | D:1      | Reached XP level 2. HP: 14/33 MP: 2/2
   574 | D:1      | Reached XP level 3. HP: 38/38 MP: 3/3
   899 | D:2      | Reached skill level 1 in Invocations
  1063 | D:2      | Found a stormy altar of Qazlal.
  1100 | D:2      | Reached skill level 1 in Short Blades
  1100 | D:2      | Reached skill level 1 in Long Blades
  1100 | D:2      | Reached skill level 1 in Axes
  1100 | D:2      | Reached skill level 1 in Maces & Flails
  1100 | D:2      | Reached skill level 1 in Staves
  1100 | D:2      | Reached skill level 1 in Slings
  1100 | D:2      | Reached skill level 1 in Bows
  1100 | D:2      | Reached skill level 1 in Crossbows
  1100 | D:2      | Reached skill level 1 in Armour
  1100 | D:2      | Reached skill level 1 in Shields
  1100 | D:2      | Reached skill level 1 in Unarmed Combat
  1100 | D:2      | Reached skill level 1 in Spellcasting
  1100 | D:2      | Reached skill level 1 in Evocations
  1105 | D:2      | Reached XP level 4. HP: 43/45 MP: 5/5
  1211 | D:2      | Reached skill level 1 in Conjurations
  1211 | D:2      | Reached skill level 1 in Hexes
  1211 | D:2      | Reached skill level 1 in Summonings
  1211 | D:2      | Reached skill level 1 in Necromancy
  1211 | D:2      | Reached skill level 1 in Translocations
  1211 | D:2      | Reached skill level 1 in Transmutations
  1211 | D:2      | Reached skill level 1 in Fire Magic
  1211 | D:2      | Reached skill level 1 in Ice Magic
  1211 | D:2      | Reached skill level 1 in Air Magic
  1211 | D:2      | Reached skill level 1 in Earth Magic
  1211 | D:2      | Reached skill level 1 in Poison Magic
  1938 | D:3      | Noticed Sigmund
  1945 | D:3      | Killed Sigmund
  1946 | D:3      | Reached XP level 5. HP: 34/51 MP: 5/7
  1946 | D:3      | Reached XP level 6. HP: 38/57 MP: 5/8
  2464 | D:3      | Noticed Jessica
  2471 | D:3      | Killed Jessica
  2472 | D:3      | Reached skill level 5 in Polearms
  2472 | D:3      | Reached skill level 5 in Dodging
  3044 | D:4      | Reached XP level 7. HP: 36/63 MP: 10/10
  3214 | D:4      | Found a staircase to the Ecumenical Temple.
  3223 | Temple   | Entered the Ecumenical Temple
  3261 | Temple   | Became a worshipper of Sif Muna the Loreminder
  3498 | D:4      | Noticed Robin
  3548 | D:4      | Killed Robin
  3895 | D:5      | Entered Level 5 of the Dungeon
  3989 | D:5      | Reached skill level 9 in Fighting
  4009 | D:5      | Reached XP level 8. HP: 56/71 MP: 0/12
  5033 | D:6      | Noticed a kobold demonologist
  5037 | D:6      | Found a transporter.
  5037 | D:6      | Found a transporter.
  5046 | D:6      | Noticed a kobold demonologist
  5675 | D:7      | Reached * piety under Sif Muna
  6543 | D:8      | Noticed Joseph
  6564 | D:8      | Killed Joseph
  6565 | D:8      | Reached XP level 9. HP: 39/77 MP: 14/14
  6870 | D:8      | Reached skill level 5 in Throwing
  7238 | D:8      | Noticed a two-headed ogre
  7289 | D:8      | Found a staircase to the Lair.
  7466 | D:8      | Reached skill level 5 in Stealth
  7475 | D:8      | Killed a two-headed ogre
  7476 | D:8      | Reached skill level 5 in Invocations
  7673 | D:8      | Reached XP level 10. HP: 77/85 MP: 15/17
  7784 | D:8      | Reached skill level 5 in Short Blades
  7784 | D:8      | Reached skill level 5 in Long Blades
  7784 | D:8      | Reached skill level 5 in Axes
  7784 | D:8      | Reached skill level 5 in Maces & Flails
  7784 | D:8      | Reached skill level 5 in Staves
  7784 | D:8      | Reached skill level 5 in Slings
  7784 | D:8      | Reached skill level 5 in Bows
  7784 | D:8      | Reached skill level 5 in Crossbows
  7784 | D:8      | Reached skill level 5 in Armour
  7784 | D:8      | Reached skill level 5 in Shields
  7784 | D:8      | Reached skill level 5 in Unarmed Combat
  7784 | D:8      | Reached skill level 5 in Spellcasting
  7784 | D:8      | Reached skill level 5 in Evocations
  8485 | D:8      | Found a transporter.
  8488 | D:8      | Noticed Nolbo's ghost (novice OpTm)
  8493 | D:8      | Found a transporter.
  8548 | D:8      | Reached ** piety under Sif Muna
  8572 | D:8      | Noticed Erica
  8596 | D:8      | Killed Erica
  8597 | D:8      | Reached skill level 10 in Fighting
 10067 | D:9      | Learned a level 2 spell: Searing Ray
 10225 | D:9      | Learned a level 2 spell: Slow
 10231 | D:9      | Noticed Erolcha
 10251 | D:9      | HP: 3/85 [Erolcha/+0 giant spiked club (8)]
 10254 | D:9      | Killed from afar by Erolcha

Illustrated notes

Levels and vault maps discovered:
D:1:      minmay_arrival_loop, layout_basic, minmay_heptomino_o4
D:2:      layout_basic, nicolae_qazlal_general_emergency
D:3:      layout_rooms, grunt_ministairs_7, uniq_jessica, uniq_sigmund
D:4:      layout_cave_pools, minmay_temple_entry_glassed_door, uniq_robin
D:5:      layout_loops_ring, grunt_ministairs_9, kennysheep_potato
D:6:      gammafunk_wand_slinger, layout_loops_ring
D:7:      layout_basic, corexii_item_surrounded_by_moat, centaur_isle
D:8:      layout_loops_ring, minmay_lair_entry_grove, gammafunk_ghost_smash,
          uniq_joseph, uniq_erica
D:9:      layout_roguey, uniq_erolcha
Temple:   nicolae_temple_the_god_donut

Skill      XL: |  1  2  3  4  5  6  7  8  9 10 |
---------------+-------------------------------+-----
Invocations    | 1 2 3 4 5 6 |  6.1
Short Blades   | 1 2 3 4 5 |  5.5
Long Blades    | 1 2 3 4 5 |  5.5
Axes           | 1 2 3 4 5 |  5.5
Maces & Flails | 1 2 3 4 5 |  5.5
Staves         | 1 2 3 4 5 |  5.5
Slings         | 1 2 3 4 5 |  5.5
Bows           | 1 2 3 4 5 |  5.5
Crossbows      | 1 2 3 4 5 |  5.5
Armour         | 1 2 3 4 5 |  5.5
Shields        | 1 2 3 4 5 |  5.5
Unarmed Combat | 1 2 3 4 5 |  5.5
Spellcasting   | 1 2 3 4 5 |  5.5
Evocations     | 1 2 3 4 5 |  5.5
Conjurations   | 1 2 3 4 |  4.5
Hexes          | 1 2 3 4 |  4.5
Summonings     | 1 2 3 4 |  4.5
Necromancy     | 1 2 3 4 |  4.5
Translocations | 1 2 3 4 |  4.5
Transmutations | 1 2 3 4 |  4.5
Fire Magic     | 1 2 3 4 |  4.5
Ice Magic      | 1 2 3 4 |  4.5
Air Magic      | 1 2 3 4 |  4.5
Earth Magic    | 1 2 3 4 |  4.5
Poison Magic   | 1 2 3 4 |  4.5
Throwing       | 3 4 5 6 |  6.2
Stealth        | 3 4 5 6 |  6.1
Polearms       | 5 6 7 |  7.3
Dodging        | 5 6 7 |  7.3
Fighting       | 9 10 | 10.1

Action                   |  1- 3 |  4- 6 |  7- 9 | 10-12 || total
-------------------------+-------+-------+-------+-------++-------
Melee: Spear             |    70 |       |       |       ||    70
       Bite              |    10 |    20 |    71 |    28 ||   129
       Hand axe          |    21 |   126 |   354 |   151 ||   652
       Punch             |       |     1 |    12 |     2 ||    15
       Scimitar          |       |       |       |    46 ||    46
 Fire: Hand crossbow     |       |       |     1 |     2 ||     3
Throw: Throwing net      |     1 |       |       |       ||     1
 Cast: Searing Ray       |       |       |       |     1 ||     1
  Use: Scroll            |     4 |     2 |     9 |       ||    15
 Stab: Sleeping          |     4 |     6 |     3 |       ||    13
       Distracted        |       |       |     2 |     1 ||     3
Armor: Leather armour    |    11 |     4 |       |       ||    15
       Ring mail         |       |    12 |     1 |       ||    13
       Scale mail        |       |       |   180 |    89 ||   269
Dodge: Dodged            |    52 |    66 |   275 |   145 ||   538
       Rpst.: Scimitar   |       |       |       |     7 ||     7
